Workbook

Sheet Cta Resultados
AF1: Ingresos
A2: 2018 | B2: Enero | C2: Febrero | D2: Marzo | E2: Abril | F2: Mayo | G2: Junio | H2: Julio | I2: Agosto | J2: Septiembre | K2: Octubre | L2: Noviembre | M2: Diciembre | N2: Total | Q2: 2019 Budget | R2: Enero | S2: Febrero | T2: Marzo | U2: Abril | V2: Mayo | W2: Junio | X2: Julio | Y2: Agosto | Z2: Septiembre | AA2: Octubre | AB2: Noviembre | AC2: Diciembre | AD2: Total | AF2: Inferior | AG2: Superior
A3: Ingresos | B3: =Facturación!AK4 -> 9222.78 | C3: =Facturación!AL4 -> 952 | D3: =Facturación!AM4 -> 7190.76 | E3: =Facturación!AN4 -> 1437 | F3: =Facturación!AO4 -> 10720.02 | G3: =Facturación!AP4 -> 1312 | H3: =Facturación!AQ4 -> 9953.1 | I3: =Facturación!AR4 -> 1313 | ... M3: =Facturación!AV4 -> 1239 | N3: =SUM(B3:M3) -> 64813.24 | Q3: Ingresos | R3: =((RANDBETWEEN($AF$3,$AG$3)*B3)/100)+B3 -> 10145.058 | S3: =((RANDBETWEEN($AF$3,$AG$3)*C3)/100)+C3 -> 1094.8 | T3: =((RANDBETWEEN($AF$3,$AG$3)*D3)/100)+D3 -> 7909.836 | U3: =((RANDBETWEEN($AF$3,$AG$3)*E3)/100)+E3 -> 1595.07 | V3: =((RANDBETWEEN($AF$3,$AG$3)*F3)/100)+F3 -> 11899.222 | W3: =((RANDBETWEEN($AF$3,$AG$3)*G3)/100)+G3 -> 1469.44 | X3: =((RANDBETWEEN($AF$3,$AG$3)*H3)/100)+H3 -> 10948.41 | Y3: =((RANDBETWEEN($AF$3,$AG$3)*I3)/100)+I3 -> 1470.56 | ... AC3: =((RANDBETWEEN($AF$3,$AG$3)*M3)/100)+M3 -> 1375.29 | AD3: =SUM(R3:AC3) -> 72405.425 | AF3: 10 | AG3: 15
A5: Compras | B5: =Gastos!C14+Gastos!C15+Gastos!C16 -> 728 | C5: =Gastos!D14+Gastos!D15+Gastos!D16 -> 46 | D5: =Gastos!E14+Gastos!E15+Gastos!E16 -> 621 | E5: =Gastos!F14+Gastos!F15+Gastos!F16 -> 986 | F5: =Gastos!G14+Gastos!G15+Gastos!G16 -> 676 | G5: =Gastos!H14+Gastos!H15+Gastos!H16 -> 562 | H5: =Gastos!I14+Gastos!I15+Gastos!I16 -> 388 | I5: =Gastos!J14+Gastos!J15+Gastos!J16 -> 46 | ... M5: =Gastos!N14+Gastos!N15+Gastos!N16 -> 793 | N5: =SUM(B5:M5) -> 6582 | Q5: Compras | R5: =((RANDBETWEEN($AF$7,$AG$7)*B5)/100)+B5 -> 749.84 | S5: =((RANDBETWEEN($AF$7,$AG$7)*C5)/100)+C5 -> 48.3 | T5: =((RANDBETWEEN($AF$7,$AG$7)*D5)/100)+D5 -> 652.05 | U5: =((RANDBETWEEN($AF$7,$AG$7)*E5)/100)+E5 -> 1025.44 | V5: =((RANDBETWEEN($AF$7,$AG$7)*F5)/100)+F5 -> 696.28 | W5: =((RANDBETWEEN($AF$7,$AG$7)*G5)/100)+G5 -> 590.1 | X5: =((RANDBETWEEN($AF$7,$AG$7)*H5)/100)+H5 -> 399.64 | Y5: =((RANDBETWEEN($AF$7,$AG$7)*I5)/100)+I5 -> 48.3 | ... AC5: =((RANDBETWEEN($AF$7,$AG$7)*M5)/100)+M5 -> 816.79 | AD5: =SUM(R5:AC5) -> 6819.38 | AF5: Gastos
A6: Margen Bruto | B6: =B5/B3 -> 0.078934985 | C6: =C5/C3 -> 0.048319328 | D6: =D5/D3 -> 0.08636083 | E6: =E5/E3 -> 0.6861517 | F6: =F5/F3 -> 0.063059584 | G6: =G5/G3 -> 0.42835366 | H6: =H5/H3 -> 0.038982829 | I6: =I5/I3 -> 0.035034273 | ... N6: =N5/N3 -> 0.10155332 | AF6: Inferior | AG6: Superior
A7: Coste Personal | B7: =Gastos!C8+Gastos!C9 -> 3771 | C7: =Gastos!D8+Gastos!D9 -> 3918 | D7: =Gastos!E8+Gastos!E9 -> 4693 | E7: =Gastos!F8+Gastos!F9 -> 5028 | F7: =Gastos!G8+Gastos!G9 -> 5181 | G7: =Gastos!H8+Gastos!H9 -> 5184 | H7: =Gastos!I8+Gastos!I9 -> 5183 | I7: =Gastos!J8+Gastos!J9 -> 5500 | ... M7: =Gastos!N8+Gastos!N9 -> 5680 | N7: =SUM(B7:M7) -> 60774 | Q7: Coste Personal | R7: =((RANDBETWEEN($AF$7,$AG$7)*B7)/100)+B7 -> 3921.84 | S7: =((RANDBETWEEN($AF$7,$AG$7)*C7)/100)+C7 -> 4074.72 | T7: =((RANDBETWEEN($AF$7,$AG$7)*D7)/100)+D7 -> 4833.79 | U7: =((RANDBETWEEN($AF$7,$AG$7)*E7)/100)+E7 -> 5279.4 | V7: =((RANDBETWEEN($AF$7,$AG$7)*F7)/100)+F7 -> 5336.43 | W7: =((RANDBETWEEN($AF$7,$AG$7)*G7)/100)+G7 -> 5339.52 | X7: =((RANDBETWEEN($AF$7,$AG$7)*H7)/100)+H7 -> 5390.32 | Y7: =((RANDBETWEEN($AF$7,$AG$7)*I7)/100)+I7 -> 5720 | ... AC7: =((RANDBETWEEN($AF$7,$AG$7)*M7)/100)+M7 -> 5907.2 | AD7: =SUM(R7:AC7) -> 62992.73 | AF7: 3 | AG7: 5
A8: Ratio Personal | B8: 0.57176902 | C8: 0.57026156 | D8: 0.42634004 | E8: 0.4025718 | F8: 0.54504785 | G8: 0.73199382 | H8: 0.3905631 | I8: 1.3071513 | J8: 0.72495023 | K8: 1.0453822 | L8: 0.69549894 | M8: 0.49951565 | N8: 0.57934111 | Q8: Ratio Personal | R8: =R7/R3 -> 0.3865764 | S8: =S7/S3 -> 3.7218853 | T8: =T7/T3 -> 0.61111128 | U8: =U7/U3 -> 3.3098234 | V8: =V7/V3 -> 0.44846881 | W8: =W7/W3 -> 3.6337108 | X8: =X7/X3 -> 0.49233816 | Y8: =Y7/Y3 -> 3.8896747 | ... AD8: =AD7/AD3 -> 0.87000014
A10: Gastos Indirectos | B10: =SUM(B11:B18) -> 1965.4167 | C10: =SUM(C11:C18) -> 1843.4167 | D10: =SUM(D11:D18) -> 1858.4167 | E10: =SUM(E11:E18) -> 1925.4167 | F10: =SUM(F11:F18) -> 1928.4167 | G10: =SUM(G11:G18) -> 1842.4167 | H10: =SUM(H11:H18) -> 3101.4167 | I10: =SUM(I11:I18) -> 1856.4167 | ... M10: =SUM(M11:M18) -> 2047.4167 | N10: =SUM(B10:M10) -> 24063 | Q10: Gastos Indirectos | R10: =SUM(R11:R18) -> 2021.8175 | S10: =SUM(S11:S18) -> 1898.5392 | T10: =SUM(T11:T18) -> 1908.1575 | U10: =SUM(U11:U18) -> 1965.2892 | V10: =SUM(V11:V18) -> 1990.1675 | W10: =SUM(W11:W18) -> 1882.1133 | X10: =SUM(X11:X18) -> 3142.4075 | Y10: =SUM(Y11:Y18) -> 1909.5092 | ... AC10: =SUM(AC11:AC18) -> 2092.4192 | AD10: =SUM(R10:AC10) -> 24641.946
A11: Alquiler | B11: =Gastos!C3 -> 664 | C11: =Gastos!D3 -> 664 | D11: =Gastos!E3 -> 664 | E11: =Gastos!F3 -> 664 | F11: =Gastos!G3 -> 664 | G11: =Gastos!H3 -> 664 | H11: =Gastos!I3 -> 664 | I11: =Gastos!J3 -> 664 | ... M11: =Gastos!N3 -> 664 | N11: =SUM(B11:M11) -> 7968 | Q11: Alquiler | R11: =B11 -> 664 | S11: =C11 -> 664 | T11: =D11 -> 664 | U11: =E11 -> 664 | V11: =F11 -> 664 | W11: =G11 -> 664 | X11: =H11 -> 664 | Y11: =I11 -> 664 | ... AC11: =M11 -> 664 | AD11: =SUM(R11:AC11) -> 7968
A12: Suministro | B12: =Gastos!C11+Gastos!C12+Gastos!C13 -> 243 | C12: =Gastos!D11+Gastos!D12+Gastos!D13 -> 121 | D12: =Gastos!E11+Gastos!E12+Gastos!E13 -> 136 | E12: =Gastos!F11+Gastos!F12+Gastos!F13 -> 203 | F12: =Gastos!G11+Gastos!G12+Gastos!G13 -> 147 | G12: =Gastos!H11+Gastos!H12+Gastos!H13 -> 120 | H12: =Gastos!I11+Gastos!I12+Gastos!I13 -> 220 | I12: =Gastos!J11+Gastos!J12+Gastos!J13 -> 134 | ... M12: =Gastos!N11+Gastos!N12+Gastos!N13 -> 153 | N12: =SUM(B12:M12) -> 2004 | Q12: Suministro | R12: =((RANDBETWEEN($AF$7,$AG$7)*B12)/100)+B12 -> 252.72 | S12: =((RANDBETWEEN($AF$7,$AG$7)*C12)/100)+C12 -> 127.05 | T12: =((RANDBETWEEN($AF$7,$AG$7)*D12)/100)+D12 -> 140.08 | U12: =((RANDBETWEEN($AF$7,$AG$7)*E12)/100)+E12 -> 211.12 | V12: =((RANDBETWEEN($AF$7,$AG$7)*F12)/100)+F12 -> 152.88 | W12: =((RANDBETWEEN($AF$7,$AG$7)*G12)/100)+G12 -> 123.6 | X12: =((RANDBETWEEN($AF$7,$AG$7)*H12)/100)+H12 -> 226.6 | Y12: =((RANDBETWEEN($AF$7,$AG$7)*I12)/100)+I12 -> 138.02 | ... AC12: =((RANDBETWEEN($AF$7,$AG$7)*M12)/100)+M12 -> 157.59 | AD12: =SUM(R12:AC12) -> 2073.69
A13: Servicios Profesionales | B13: =Gastos!C17+Gastos!C10 -> 503 | C13: =Gastos!D17+Gastos!D10 -> 503 | D13: =Gastos!E17+Gastos!E10 -> 503 | E13: =Gastos!F17+Gastos!F10 -> 503 | F13: =Gastos!G17+Gastos!G10 -> 503 | G13: =Gastos!H17+Gastos!H10 -> 503 | H13: =Gastos!I17+Gastos!I10 -> 503 | I13: =Gastos!J17+Gastos!J10 -> 503 | ... M13: =Gastos!N17+Gastos!N10 -> 503 | N13: =SUM(B13:M13) -> 6036 | Q13: Servicios Profesionales | R13: =((RANDBETWEEN($AF$7,$AG$7)*B13)/100)+B13 -> 523.12 | S13: =((RANDBETWEEN($AF$7,$AG$7)*C13)/100)+C13 -> 528.15 | T13: =((RANDBETWEEN($AF$7,$AG$7)*D13)/100)+D13 -> 528.15 | U13: =((RANDBETWEEN($AF$7,$AG$7)*E13)/100)+E13 -> 518.09 | V13: =((RANDBETWEEN($AF$7,$AG$7)*F13)/100)+F13 -> 528.15 | W13: =((RANDBETWEEN($AF$7,$AG$7)*G13)/100)+G13 -> 518.09 | X13: =((RANDBETWEEN($AF$7,$AG$7)*H13)/100)+H13 -> 518.09 | Y13: =((RANDBETWEEN($AF$7,$AG$7)*I13)/100)+I13 -> 528.15 | ... AC13: =((RANDBETWEEN($AF$7,$AG$7)*M13)/100)+M13 -> 523.12 | AD13: =SUM(R13:AC13) -> 6282.47
A14: Renting | B14: =Gastos!C6 -> 0 | C14: =Gastos!D6 -> 0 | D14: =Gastos!E6 -> 0 | E14: =Gastos!F6 -> 0 | F14: =Gastos!G6 -> 0 | G14: =Gastos!H6 -> 0 | H14: =Gastos!I6 -> 0 | I14: =Gastos!J6 -> 0 | ... M14: =Gastos!N6 -> 0 | N14: =SUM(B14:M14) -> 0 | Q14: Mantenimiento | R14: =((RANDBETWEEN($AF$7,$AG$7)*B14)/100)+B14 -> 0 | S14: =((RANDBETWEEN($AF$7,$AG$7)*C14)/100)+C14 -> 0 | T14: =((RANDBETWEEN($AF$7,$AG$7)*D14)/100)+D14 -> 0 | U14: =((RANDBETWEEN($AF$7,$AG$7)*E14)/100)+E14 -> 0 | V14: =((RANDBETWEEN($AF$7,$AG$7)*F14)/100)+F14 -> 0 | W14: =((RANDBETWEEN($AF$7,$AG$7)*G14)/100)+G14 -> 0 | X14: =((RANDBETWEEN($AF$7,$AG$7)*H14)/100)+H14 -> 0 | Y14: =((RANDBETWEEN($AF$7,$AG$7)*I14)/100)+I14 -> 0 | ... AC14: =((RANDBETWEEN($AF$7,$AG$7)*M14)/100)+M14 -> 0 | AD14: =SUM(R14:AC14) -> 0
A15: Varios | B15: =Gastos!C7 -> 363 | C15: =Gastos!D7 -> 363 | D15: =Gastos!E7 -> 363 | E15: =Gastos!F7 -> 363 | F15: =Gastos!G7 -> 363 | G15: =Gastos!H7 -> 363 | H15: =Gastos!I7 -> 363 | I15: =Gastos!J7 -> 363 | ... M15: =Gastos!N7 -> 363 | N15: =SUM(B15:M15) -> 4356 | Q15: Colaborador Jurídico | R15: =((RANDBETWEEN($AF$7,$AG$7)*B15)/100)+B15 -> 381.15 | S15: =((RANDBETWEEN($AF$7,$AG$7)*C15)/100)+C15 -> 381.15 | T15: =((RANDBETWEEN($AF$7,$AG$7)*D15)/100)+D15 -> 373.89 | U15: =((RANDBETWEEN($AF$7,$AG$7)*E15)/100)+E15 -> 373.89 | V15: =((RANDBETWEEN($AF$7,$AG$7)*F15)/100)+F15 -> 381.15 | W15: =((RANDBETWEEN($AF$7,$AG$7)*G15)/100)+G15 -> 377.52 | X15: =((RANDBETWEEN($AF$7,$AG$7)*H15)/100)+H15 -> 373.89 | Y15: =((RANDBETWEEN($AF$7,$AG$7)*I15)/100)+I15 -> 381.15 | ... AC15: =((RANDBETWEEN($AF$7,$AG$7)*M15)/100)+M15 -> 377.52 | AD15: =SUM(R15:AC15) -> 4526.61
A16: Publicidad, RRSS, WEB | B16: =Gastos!C4 -> 121 | C16: =Gastos!D4 -> 121 | D16: =Gastos!E4 -> 121 | E16: =Gastos!F4 -> 121 | F16: =Gastos!G4 -> 180 | G16: =Gastos!H4 -> 121 | H16: =Gastos!I4 -> 121 | I16: =Gastos!J4 -> 121 | ... M16: =Gastos!N4 -> 121 | N16: =SUM(B16:M16) -> 1511 | Q16: Publicidad, RRSS, WEB | R16: =((RANDBETWEEN($AF$7,$AG$7)*B16)/100)+B16 -> 125.84 | S16: =((RANDBETWEEN($AF$7,$AG$7)*C16)/100)+C16 -> 124.63 | T16: =((RANDBETWEEN($AF$7,$AG$7)*D16)/100)+D16 -> 127.05 | U16: =((RANDBETWEEN($AF$7,$AG$7)*E16)/100)+E16 -> 124.63 | V16: =((RANDBETWEEN($AF$7,$AG$7)*F16)/100)+F16 -> 189 | W16: =((RANDBETWEEN($AF$7,$AG$7)*G16)/100)+G16 -> 124.63 | X16: =((RANDBETWEEN($AF$7,$AG$7)*H16)/100)+H16 -> 125.84 | Y16: =((RANDBETWEEN($AF$7,$AG$7)*I16)/100)+I16 -> 124.63 | ... AC16: =((RANDBETWEEN($AF$7,$AG$7)*M16)/100)+M16 -> 124.63 | AD16: =SUM(R16:AC16) -> 1569.61
A17: Seguros | B17: =Gastos!C18+Gastos!C19+Gastos!C20 -> 71.416667 | C17: =Gastos!D18+Gastos!D19+Gastos!D20 -> 71.416667 | D17: =Gastos!E18+Gastos!E19+Gastos!E20 -> 71.416667 | E17: =Gastos!F18+Gastos!F19+Gastos!F20 -> 71.416667 | F17: =Gastos!G18+Gastos!G19+Gastos!G20 -> 71.416667 | G17: =Gastos!H18+Gastos!H19+Gastos!H20 -> 71.416667 | H17: =Gastos!I18+Gastos!I19+Gastos!I20 -> 71.416667 | I17: =Gastos!J18+Gastos!J19+Gastos!J20 -> 71.416667 | ... M17: =Gastos!N18+Gastos!N19+Gastos!N20 -> 71.416667 | N17: =SUM(B17:M17) -> 857 | Q17: Seguros | R17: =((RANDBETWEEN($AF$7,$AG$7)*B17)/100)+B17 -> 74.9875 | S17: =((RANDBETWEEN($AF$7,$AG$7)*C17)/100)+C17 -> 73.559167 | T17: =((RANDBETWEEN($AF$7,$AG$7)*D17)/100)+D17 -> 74.9875 | U17: =((RANDBETWEEN($AF$7,$AG$7)*E17)/100)+E17 -> 73.559167 | V17: =((RANDBETWEEN($AF$7,$AG$7)*F17)/100)+F17 -> 74.9875 | W17: =((RANDBETWEEN($AF$7,$AG$7)*G17)/100)+G17 -> 74.273333 | X17: =((RANDBETWEEN($AF$7,$AG$7)*H17)/100)+H17 -> 74.9875 | Y17: =((RANDBETWEEN($AF$7,$AG$7)*I17)/100)+I17 -> 73.559167 | ... AC17: =((RANDBETWEEN($AF$7,$AG$7)*M17)/100)+M17 -> 73.559167 | AD17: =SUM(R17:AC17) -> 890.56583
A18: Varios | B18: =Gastos!C22 -> 0 | C18: =Gastos!D22 -> 0 | D18: =Gastos!E22 -> 0 | E18: =Gastos!F22 -> 0 | F18: =Gastos!G22 -> 0 | G18: =Gastos!H22 -> 0 | H18: =Gastos!I22 -> 1159 | I18: =Gastos!J22 -> 0 | ... M18: =Gastos!N22 -> 172 | N18: =SUM(B18:M18) -> 1331 | Q18: Varios | R18: =B18 -> 0 | S18: =C18 -> 0 | T18: =D18 -> 0 | U18: =E18 -> 0 | V18: =F18 -> 0 | W18: =G18 -> 0 | X18: =H18 -> 1159 | Y18: =I18 -> 0 | ... AC18: =M18 -> 172 | AD18: =SUM(R18:AC18) -> 1331
A19: Ratio gastos Indirectos | B19: 0.42717939 | C19: 0.42720797 | D19: 0.3038 | E19: 0.27020818 | F19: 0.49466079 | G19: 0.73485427 | H19: 0.25768746 | I19: 0.66040713 | J19: 0.42116022 | K19: 0.54174809 | L19: 0.51419074 | M19: 0.60487226 | Q19: Ratio gastos Indirectos | R19: =R10/R3 -> 0.19929088 | S19: =S10/S3 -> 1.7341425 | T19: =T10/T3 -> 0.24123857 | U19: =U10/U3 -> 1.2321021 | V19: =V10/V3 -> 0.1672519 | W19: =W10/W3 -> 1.2808371 | X19: =X10/X3 -> 0.28701953 | Y19: =Y10/Y3 -> 1.2984912 | ... AC19: =AC10/AC3 -> 1.5214385
A21: Total Gastos | B21: =B7+B10+B5 -> 6464.4167 | C21: =C7+C10+C5 -> 5807.4167 | D21: =D7+D10+D5 -> 7172.4167 | E21: =E7+E10+E5 -> 7939.4167 | F21: =F7+F10+F5 -> 7785.4167 | G21: =G7+G10+G5 -> 7588.4167 | H21: =H7+H10+H5 -> 8672.4167 | I21: =I7+I10+I5 -> 7402.4167 | ... M21: =M7+M10+M5 -> 8520.4167 | N21: =SUM(B21:M21) -> 91419 | Q21: Total Gastos | R21: =R7+R10+R5 -> 6693.4975 | S21: =S7+S10+S5 -> 6021.5592 | T21: =T7+T10+T5 -> 7393.9975 | U21: =U7+U10+U5 -> 8270.1292 | V21: =V7+V10+V5 -> 8022.8775 | W21: =W7+W10+W5 -> 7811.7333 | X21: =X7+X10+X5 -> 8932.3675 | Y21: =Y7+Y10+Y5 -> 7677.8092 | ... AC21: =AC7+AC10+AC5 -> 8816.4092 | AD21: =SUM(R21:AC21) -> 94454.056
A22: Resultado Operativo | B22: =B3-B7-B10 -> 3486.3633 | C22: =C3-C7-C10 -> -4809.4167 | D22: =D3-D7-D10 -> 639.34333 | E22: =E3-E7-E10 -> -5516.4167 | F22: =F3-F7-F10 -> 3610.6033 | G22: =G3-G7-G10 -> -5714.4167 | H22: =H3-H7-H10 -> 1668.6833 | I22: =I3-I7-I10 -> -6043.4167 | ... M22: =M3-M7-M10 -> -6488.4167 | N22: =SUM(B22:M22) -> -20023.76 | Q22: Resultado Operativo | R22: =R3-R7-R10 -> 4201.4005 | S22: =S3-S7-S10 -> -4878.4592 | T22: =T3-T7-T10 -> 1167.8885 | U22: =U3-U7-U10 -> -5649.6192 | V22: =V3-V7-V10 -> 4572.6247 | W22: =W3-W7-W10 -> -5752.1933 | X22: =X3-X7-X10 -> 2415.6825 | Y22: =Y3-Y7-Y10 -> -6158.9492 | ... AC22: =AC3-AC7-AC10 -> -6624.3292 | AD22: =SUM(R22:AC22) -> -15229.251
B23: =B22/B3 -> 0.37801653 | C23: =C22/C3 -> -5.0519083 | D23: =D22/D3 -> 0.088911789 | E23: =E22/E3 -> -3.8388425 | F23: =F22/F3 -> 0.33680938 | G23: =G22/G3 -> -4.3555005 | H23: =H22/H3 -> 0.16765463 | I23: =I22/I3 -> -4.6027545 | ... M23: =M22/M3 -> -5.2368173 | R23: =R22/R3 -> 0.41413272 | S23: =S22/S3 -> -4.4560277 | T23: =T22/T3 -> 0.14765015 | U23: =U22/U3 -> -3.5419255 | V23: =V22/V3 -> 0.38427929 | W23: =W22/W3 -> -3.9145479 | X23: =X22/X3 -> 0.22064231 | Y23: =Y22/Y3 -> -4.1881658 | ... AC23: =AC22/AC3 -> -4.8166781
A25: Amortizaciones | N25: =SUM(B25:M25) -> 0 | Q25: Amortizaciones | AD25: =SUM(R25:AC25) -> 0
A26: Gasto Extraor / Finan | B26: =Gastos!C5 -> 562 | C26: =Gastos!D5 -> 562 | D26: =Gastos!E5 -> 562 | E26: =Gastos!F5 -> 562 | F26: =Gastos!G5 -> 562 | G26: =Gastos!H5 -> 562 | H26: =Gastos!I5 -> 562 | I26: =Gastos!J5 -> 562 | ... M26: =Gastos!N5 -> 562 | N26: =SUM(B26:M26) -> 6744 | Q26: Gasto Extraor / Finan | R26: =B26 -> 562 | S26: =C26 -> 562 | T26: =D26 -> 562 | U26: =E26 -> 562 | V26: =F26 -> 562 | W26: =G26 -> 562 | X26: =H26 -> 562 | Y26: =I26 -> 562 | ... AC26: =M26 -> 562 | AD26: =SUM(R26:AC26) -> 6744
A27: Impuestos trimestrales | B27: =Gastos!C21 -> 3500 | C27: =Gastos!D21 -> 0 | D27: =Gastos!E21 -> 0 | E27: =Gastos!F21 -> 3770 | F27: =Gastos!G21 -> 0 | G27: =Gastos!H21 -> 0 | H27: =Gastos!I21 -> 4100 | I27: =Gastos!J21 -> 0 | ... M27: =Gastos!N21 -> 0 | N27: =SUM(B27:M27) -> 14970 | Q27: Impuestos trimestrales | R27: =((RANDBETWEEN($AF$7,$AG$7)*B27)/100)+B27 -> 3640 | S27: =((RANDBETWEEN($AF$7,$AG$7)*C27)/100)+C27 -> 0 | T27: =((RANDBETWEEN($AF$7,$AG$7)*D27)/100)+D27 -> 0 | U27: =((RANDBETWEEN($AF$7,$AG$7)*E27)/100)+E27 -> 3958.5 | V27: =((RANDBETWEEN($AF$7,$AG$7)*F27)/100)+F27 -> 0 | W27: =((RANDBETWEEN($AF$7,$AG$7)*G27)/100)+G27 -> 0 | X27: =((RANDBETWEEN($AF$7,$AG$7)*H27)/100)+H27 -> 4264 | Y27: =((RANDBETWEEN($AF$7,$AG$7)*I27)/100)+I27 -> 0 | ... AC27: =((RANDBETWEEN($AF$7,$AG$7)*M27)/100)+M27 -> 0 | AD27: =SUM(R27:AC27) -> 15606.5
A28: Resultado de Explotación | B28: =B22-B25-B26-B27 -> -575.63667 | C28: =C22-C25-C26-C27 -> -5371.4167 | D28: =D22-D25-D26-D27 -> 77.343333 | E28: =E22-E25-E26-E27 -> -9848.4167 | F28: =F22-F25-F26-F27 -> 3048.6033 | G28: =G22-G25-G26-G27 -> -6276.4167 | H28: =H22-H25-H26-H27 -> -2993.3167 | I28: =I22-I25-I26-I27 -> -6605.4167 | ... M28: =M22-M25-M26-M27 -> -7050.4167 | N28: =SUM(B28:M28) -> -41737.76 | Q28: Resultado de Explotación | R28: =R22-R25-R26-R27 -> -0.5995 | S28: =S22-S25-S26-S27 -> -5440.4592 | T28: =T22-T25-T26-T27 -> 605.8885 | U28: =U22-U25-U26-U27 -> -10170.119 | V28: =V22-V25-V26-V27 -> 4010.6247 | W28: =W22-W25-W26-W27 -> -6314.1933 | X28: =X22-X25-X26-X27 -> -2410.3175 | Y28: =Y22-Y25-Y26-Y27 -> -6720.9492 | ... AC28: =AC22-AC25-AC26-AC27 -> -7186.3292 | AD28: =SUM(R28:AC28) -> -37579.751
A30: Resultado Neto antes de I.S. | B30: =B28 -> -575.63667 | C30: =C28 -> -5371.4167 | D30: =D28 -> 77.343333 | E30: =E28 -> -9848.4167 | F30: =F28 -> 3048.6033 | G30: =G28 -> -6276.4167 | H30: =H28 -> -2993.3167 | I30: =I28 -> -6605.4167 | ... M30: =M28 -> -7050.4167 | N30: =SUM(B30:M30) -> -41737.76 | Q30: Resultado Neto antes de I.S. | R30: =R28 -> -0.5995 | S30: =S28 -> -5440.4592 | T30: =T28 -> 605.8885 | U30: =U28 -> -10170.119 | V30: =V28 -> 4010.6247 | W30: =W28 -> -6314.1933 | X30: =X28 -> -2410.3175 | Y30: =Y28 -> -6720.9492 | ... AC30: =AC28 -> -7186.3292 | AD30: =SUM(R30:AC30) -> -37579.751
B31: =B30/B3 -> -0.062414659 | C31: =C30/C3 -> -5.6422444 | D31: =D30/D3 -> 0.010755933 | E31: =E30/E3 -> -6.8534563 | F31: =F30/F3 -> 0.28438411 | G31: =G30/G3 -> -4.7838542 | H31: =H30/H3 -> -0.30074215 | I31: =I30/I3 -> -5.0307819 | ... N31: =N30/N3 -> -0.64396966 | R31: =R30/R3 -> -5.9092811e-05 | S31: =S30/S3 -> -4.9693635 | T31: =T30/T3 -> 0.076599376 | U31: =U30/U3 -> -6.3759704 | V31: =V30/V3 -> 0.33704932 | W31: =W30/W3 -> -4.2970066 | X31: =X30/X3 -> -0.22015229 | Y31: =Y30/Y3 -> -4.5703332 | ... AD31: =AD30/AD3 -> -0.51901845

Sheet Facturación
B1: Total
B2: agosto 2016 | D2: septiembre 2016 | F2: octubre 2016 | H2: noviembre 2016 | J2: diciembre 2016 | L2: enero 2017 | N2: febrero 2017 | P2: marzo 2017 | R2: abril 2017 | T2: mayo 2017 | V2: junio 2017 | X2: julio 2017 | Z2: agosto 2017 | AB2: septiembre 2017 | AD2: octubre 2017 | AF2: noviembre 2017 | AH2: diciembre 2017 | AJ2: enero 2018 | AL2: febrero 2018 | AN2: marzo 2018 | AP2: abril 2018 | AR2: mayo 2018 | AT2: junio 2018 | AV2: julio 2018 | AX2: agosto 2018 | AZ2: septiembre 2018 | BB2: octubre 2018 | BD2: noviembre 2018 | BF2: diciembre 2018 | BH2: enero 2019 | BJ2: febrero 2019 | BL2: marzo 2019 | BN2: 43556 | BP2: 43586 | BR2: 43617 | BT2: 43647 | BV2: 43678 | BX2: 43709 | BZ2: 43739 | CB2: 43770 | CD2: 43800
B3: Cantidad del producto | C3: Precio total | D3: Cantidad del producto | E3: Precio total | F3: Cantidad del producto | G3: Precio total | H3: Cantidad del producto | I3: Precio total | J3: Cantidad del producto | K3: Precio total | L3: Cantidad del producto | M3: Precio total | N3: Cantidad del producto | O3: Precio total | P3: Cantidad del producto | Q3: Precio total | R3: Cantidad del producto | S3: Precio total | T3: Cantidad del producto | U3: Precio total | V3: Cantidad del producto | W3: Precio total | X3: Cantidad del producto | Y3: Precio total | Z3: Cantidad del producto | AA3: Precio total | AB3: Cantidad del producto | AC3: Precio total | AD3: Cantidad del producto | AE3: Precio total | AF3: Cantidad del producto | AG3: Precio total | AH3: Cantidad del producto | AI3: Precio total | AJ3: Cantidad del producto | AK3: Precio total | AL3: Cantidad del producto | AM3: Precio total | AN3: Cantidad del producto | AO3: Precio total | AP3: Cantidad del producto | AQ3: Precio total | AR3: Cantidad del producto | AS3: Precio total | AT3: Cantidad del producto | AU3: Precio total | AV3: Cantidad del producto | AW3: Precio total | AX3: Cantidad del producto | AY3: Precio total | AZ3: Cantidad del producto | BA3: Precio total | BB3: Cantidad del producto | BC3: Precio total | BD3: Cantidad del producto | BE3: Precio total | BF3: Cantidad del producto | BG3: Precio total | BH3: Cantidad del producto | BI3: Precio total | BJ3: Cantidad del producto | BK3: Precio total | BL3: Cantidad del producto | BM3: Precio total | BN3: Cantidad del producto | BO3: Precio total | BP3: Cantidad del producto | BQ3: Precio total | BR3: Cantidad del producto | BS3: Precio total | BT3: Cantidad del producto | BU3: Precio total | BV3: Cantidad del producto | BW3: Precio total | BX3: Cantidad del producto | BY3: Precio total | BZ3: Cantidad del producto | CA3: Precio total | CB3: Cantidad del producto | CC3: Precio total | CD3: Cantidad del producto | CE3: Precio total
A4: Total | B4: 201 | C4: 1422.1 | D4: 513 | E4: 3668.24 | F4: 590 | G4: 4058.85 | H4: 551 | I4: 3955.06 | J4: 735 | K4: 5532.64 | L4: 660 | M4: 5180.53 | N4: 754 | O4: 5641.52 | P4: 915 | Q4: 6614.5 | R4: 871 | S4: 6211.32 | T4: 973 | U4: 7026.89 | V4: 1043 | W4: 7565.66 | X4: 984 | Y4: 7086.76 | Z4: 993 | AA4: 7228.73 | AB4: 1193 | AC4: 8719.94 | AD4: 1132 | AE4: 8122.34 | AF4: 1050 | AG4: 7529.16 | AH4: 1148 | AI4: 8534.71 | AJ4: 1220 | AK4: 9222.78 | AL4: 952 | AM4: 7190.76 | AN4: 1437 | AO4: 10720.02 | AP4: 1312 | AQ4: 9953.1 | AR4: 1313 | AS4: 9843.92 | AT4: 1375 | AU4: 10254.66 | AV4: 1239 | AW4: 9242.8 | AX4: 1218 | AY4: 9222.6 | AZ4: 1291 | BA4: 9587.32 | BB4: 1214 | BC4: 8947.08 | BD4: 1335 | BE4: 9921.86 | BF4: 1349 | BG4: 10039.24 | BH4: 1200 | BI4: 10500 | BJ4: 1400 | BK4: 10800 | BL4: 950 | BM4: 11600 | BO4: 11400
A5: Albacete | B5: 201 | C5: 1422.1 | D5: 513 | E5: 3668.24 | F5: 590 | G5: 4058.85 | H5: 551 | I5: 3955.06 | J5: 735 | K5: 5532.64 | L5: 660 | M5: 5180.53 | N5: 754 | O5: 5641.52 | P5: 915 | Q5: 6614.5 | R5: 871 | S5: 6211.32 | T5: 975 | U5: 7028.49 | V5: 1043 | W5: 7565.66 | X5: 984 | Y5: 7086.76 | Z5: 993 | AA5: 7228.73 | AB5: 1193 | AC5: 8719.94 | AD5: 1132 | AE5: 8122.34 | AF5: 1050 | AG5: 7529.16 | AH5: 1148 | AI5: 8534.71 | AJ5: 1220 | AK5: 9222.78 | AL5: 952 | AM5: 7190.76 | AN5: 1437 | AO5: 10720.02 | AP5: 1312 | AQ5: 9953.1 | AR5: 1313 | AS5: 9843.92 | AT5: 1375 | AU5: 10254.66 | AV5: 1239 | AW5: 9242.8 | AX5: 1218 | AY5: 9222.6 | AZ5: 1291 | BA5: 9587.32 | BB5: 1214 | BC5: 8947.08 | BD5: 1335 | BE5: 9921.86 | BF5: 1349 | BG5: 10039.24 | BH5: 1117 | BI5: 9658.09 | BJ5: 1339 | BK5: 9997.14 | BL5: 873 | BM5: 10800

Sheet Gastos
C1: 2018 | P1: 2019
A2: GASTOS | B2: ANUAL | C2: ENERO | D2: FEBRERO | E2: MARZO | F2: ABRIL | G2: MAYO | H2: JUNIO | I2: JULIO | J2: AGOSTO | K2: SEPTIEMBRE | L2: OCTUBRE | M2: NOVIEMBRE | N2: DICIEMBRE | P2: ANUAL | Q2: ENERO | R2: FEBRERO | S2: MARZO | T2: ABRIL | U2: MAYO | V2: JUNIO | W2: JULIO | X2: AGOSTO | Y2: SEPTIEMBRE | Z2: OCTUBRE | AA2: NOVIEMBRE | AB2: DICIEMBRE
A3: Alquiler local | C3: 664 | D3: 664 | E3: 664 | F3: 664 | G3: 664 | H3: 664 | I3: 664 | J3: 664 | K3: 664 | L3: 664 | M3: 664 | N3: 664 | Q3: 678.34 | R3: 678.34 | S3: 678.34 | T3: 678.34
A4: Publicidad franquicia | C4: 121 | D4: 121 | E4: 121 | F4: 121 | G4: 180 | H4: 121 | I4: 121 | J4: 121 | K4: 121 | L4: 121 | M4: 121 | N4: 121 | Q4: 121 | R4: 121 | S4: 121 | T4: 121
A5: Préstamo ICO | C5: 562 | D5: 562 | E5: 562 | F5: 562 | G5: 562 | H5: 562 | I5: 562 | J5: 562 | K5: 562 | L5: 562 | M5: 562 | N5: 562 | Q5: 562.3 | R5: 562.3 | S5: 562.3 | T5: 562.3
A6: Renting Coche | C6: 0 | D6: 0 | E6: 0 | F6: 0 | G6: 0 | H6: 0 | I6: 0 | J6: 0 | K6: 0 | L6: 0 | M6: 0 | N6: 0 | Q6: 0 | R6: 0 | S6: 1200 | T6: 561.12
A7: Canon franquicia | C7: 363 | D7: 363 | E7: 363 | F7: 363 | G7: 363 | H7: 363 | I7: 363 | J7: 363 | K7: 363 | L7: 363 | M7: 363 | N7: 363 | Q7: 363 | R7: 363 | S7: 363 | T7: 363
A8: Nóminas | C8: 2879 | D8: 3025 | E8: 3800 | F8: 3800 | G8: 3875 | H8: 3875 | I8: 3875 | J8: 4000 | K8: 4050 | L8: 4086 | M8: 4300 | N8: 4100 | Q8: 3918 | R8: 3918 | S8: 4444 | T8: 4450
A9: Seguridad Social | C9: 892 | D9: 893 | E9: 893 | F9: 1228 | G9: 1306 | H9: 1309 | I9: 1308 | J9: 1500 | K9: 1393 | L9: 1472 | M9: 1335 | N9: 1580 | Q9: 1387.72 | R9: 1500 | S9: 1350.74 | T9: 1500
A10: Autónomo | C10: 358 | D10: 358 | E10: 358 | F10: 358 | G10: 358 | H10: 358 | I10: 358 | J10: 358 | K10: 358 | L10: 358 | M10: 358 | N10: 358 | Q10: 364.22 | R10: 364.22 | S10: 364.22 | T10: 364.22
A11: Electricidad | C11: 112 | D11: 77 | E11: 92 | F11: 70 | G11: 103 | H11: 76 | I11: 79 | J11: 90 | K11: 138 | L11: 86 | M11: 78 | N11: 109 | Q11: 138.81 | R11: 200.76 | S11: 138.81 | T11: 140
A12: Teléfono+ internet | C12: 44 | D12: 44 | E12: 44 | F12: 44 | G12: 44 | H12: 44 | I12: 44 | J12: 44 | K12: 44 | L12: 44 | M12: 44 | N12: 44 | Q12: 133.87 | R12: 42.35 | S12: 43.67 | T12: 42.35
A13: Agua | C13: 87 | D13: 0 | E13: 0 | F13: 89 | G13: 0 | H13: 0 | I13: 97 | J13: 0 | K13: 0 | L13: 93 | M13: 0 | N13: 0 | Q13: 93.25 | R13: 0 | S13: 0 | T13: 97.5
A14: Prensa | C14: 11 | D14: 11 | E14: 11 | F14: 11 | G14: 11 | H14: 11 | I14: 11 | J14: 11 | K14: 11 | L14: 11 | M14: 11 | N14: 11 | Q14: 11 | R14: 11 | S14: 11 | T14: 11
... A17: Gestoría | C17: 145 | D17: 145 | E17: 145 | F17: 145 | G17: 145 | H17: 145 | I17: 145 | J17: 145 | K17: 145 | L17: 145 | M17: 145 | N17: 145 | Q17: 150 | R17: 150 | S17: 150 | T17: 150
A18: Seguro Local | B18: 320 | C18: =$P$18/12 -> 26.666667 | D18: =$P$18/12 -> 26.666667 | E18: =$P$18/12 -> 26.666667 | F18: =$P$18/12 -> 26.666667 | G18: =$P$18/12 -> 26.666667 | H18: =$P$18/12 -> 26.666667 | I18: =$P$18/12 -> 26.666667 | J18: =$P$18/12 -> 26.666667 | ... N18: =$P$18/12 -> 26.666667 | P18: 320 | Q18: =$P$18/12 -> 26.666667 | R18: =$P$18/12 -> 26.666667 | S18: =$P$18/12 -> 26.666667 | T18: =$P$18/12 -> 26.666667
A19: Norprevención | B19: 287 | C19: =$B$19/12 -> 23.916667 | D19: =$B$19/12 -> 23.916667 | E19: =$B$19/12 -> 23.916667 | F19: =$B$19/12 -> 23.916667 | G19: =$B$19/12 -> 23.916667 | H19: =$B$19/12 -> 23.916667 | I19: =$B$19/12 -> 23.916667 | J19: =$B$19/12 -> 23.916667 | ... N19: =$B$19/12 -> 23.916667 | P19: 290 | Q19: =$P$19/12 -> 24.166667 | R19: =$P$19/12 -> 24.166667 | S19: =$P$19/12 -> 24.166667 | T19: =$P$19/12 -> 24.166667
A20: Protección datos | B20: 250 | C20: =$P$20/12 -> 20.833333 | D20: =$P$20/12 -> 20.833333 | E20: =$P$20/12 -> 20.833333 | F20: =$P$20/12 -> 20.833333 | G20: =$P$20/12 -> 20.833333 | H20: =$P$20/12 -> 20.833333 | I20: =$P$20/12 -> 20.833333 | J20: =$P$20/12 -> 20.833333 | ... N20: =$P$20/12 -> 20.833333 | P20: 250 | Q20: =$P$20/12 -> 20.833333 | R20: =$P$20/12 -> 20.833333 | S20: =$P$20/12 -> 20.833333 | T20: =$P$20/12 -> 20.833333
A21: Trimestre IVA | C21: 3500 | E21: 0 | F21: 3770 | H21: 0 | I21: 4100 | K21: 0 | L21: 3600 | N21: 0 | Q21: 3845 | T21: 3800 | V21: 1360 | Y21: 1360 | AB21: 1360
A22: Varios | I22: 1159 | N22: 172
A24: TOTAL | C24: =SUM(C3:C23) -> 10526.417 | D24: =SUM(D3:D23) -> 6369.4167 | E24: =SUM(E3:E23) -> 7734.4167 | F24: =SUM(F3:F23) -> 12271.417 | G24: =SUM(G3:G23) -> 8347.4167 | H24: =SUM(H3:H23) -> 8150.4167 | I24: =SUM(I3:I23) -> 13334.417 | J24: =SUM(J3:J23) -> 7964.4167 | ... N24: =SUM(N3:N23) -> 9082.4167 | Q24: =SUM(Q3:Q23) -> 12379.177 | R24: =SUM(R3:R23) -> 9514.6367 | S24: =SUM(S3:S23) -> 10103.747 | T24: =SUM(T3:T23) -> 13397.497 | U24: =SUM(U3:U23) -> 0 | V24: =SUM(V3:V23) -> 1360 | W24: =SUM(W3:W23) -> 0 | X24: =SUM(X3:X23) -> 0 | ... AB24: =SUM(AB3:AB23) -> 1360
